 Dungeon Crawl Stone Soup version 0.16-a0-3827-g034e2a6 (console) character file.

63 MrRokkomies the Cudgeler (level 4, -10/48 HPs)
             Began as an Ogre Skald on Jan 29, 2015.
             Killed from afar by an orc wizard (13 damage)
             ... with a puff of flame
             ... on level 2 of the Dungeon.
             The game lasted 00:06:31 (2012 turns).

MrRokkomies the Cudgeler (Ogre Skald)               Turns: 2012, Time: 00:06:32

Health: -10/48     AC:  3    Str: 17    XL:     4   Next: 10%
Magic:  5/8        EV: 10    Int: 11    God:
Gold:   55         SH:  0    Dex: 10    Spells: 3 memorised, 1 level left

rFire  . . .     SeeInvis .     a - +0 mace
rCold  . . .     Clarity  .     b - +0 robe
rNeg   . . .     SustAb   +     (shield restricted)
rPois  .         Gourm    .     (helmet restricted)
rElec  .         Spirit   .     (no cloak)
rCorr  .         Warding  .     (gloves unavailable)
rMut   .         Stasis   .     (boots unavailable)
MR     .....                    (no amulet)
Stlth  +.........               (no ring)
                                e - ring of sustain abilities

@: lethally poisoned, very slightly contaminated, not resistant to hostile
enchantments, very unstealthy
A: unfitting armour, tough skin 1
a: no special abilities


You were on level 2 of the Dungeon.
You were very hungry.

You visited 1 branch of the dungeon, and saw 3 of its levels.

You collected 55 gold pieces.

Inventory:

Hand weapons
 a - a +0 mace (weapon)
Missiles
 k - 37 stones (quivered)
Armour
 b - a +0 robe (worn)
Jewellery
 e - a ring of sustain abilities (left hand)
Scrolls
 h - a scroll of remove curse
 m - a scroll of blinking {unknown}
Potions
 j - a potion of flight
Books
 c - a book of Battle

   Spells                             Type                      Level
   a - Infusion                       Charms                       1
   b - Shroud of Golubria             Charms/Translocation         2
   c - Song of Slaying                Charms                       2
   d - Spectral Weapon                Hexes/Charms                 3
   e - Regeneration                   Charms/Necromancy            3
Comestibles
 d - a meat ration
 f - a bread ration
 i - 3 fruits


   Skills:
 * Level 3.6 Fighting
 * Level 4.3 Maces & Flails
 - Level 0.7 Armour
 + Level 1.8 Dodging
 - Level 2.4 Spellcasting
 - Level 2.1 Charms


You had one spell level left.
You knew the following spells:

 Your Spells              Type           Power        Failure   Level  Hunger
a - Infusion              Chrm           #.....       14%         1    ##.....
b - Shroud of Golubria    Chrm/Tloc      #.........   30%         2    ###....
c - Spectral Weapon       Hex/Chrm       #.......     61%         3    ####...


Dungeon Overview and Level Annotations

Branches:
Dungeon (3/15)

Altars:
Trog


Innate Abilities, Weirdness & Mutations

You are too large for most types of armour.
You have tough skin (AC +1).


Message History

The orc wizard hits you with a dagger of venom.
* * * LOW HITPOINT WARNING * * *
You are poisoned.
The orc wizard hits you with a dagger of venom.
* * * LOW HITPOINT WARNING * * *
You are lethally poisoned!
Drink which item? (? for menu, Esc to quit)
It was a potion of restore abilities.
You feel refreshed.
* * * LOW HITPOINT WARNING * * *
You feel sick. The orc wizard barely misses you.
You thump the orc wizard!
The orc wizard is heavily wounded.
* * * LOW HITPOINT WARNING * * *
You feel sick.
The orc wizard hits you with a dagger of venom.
* * * LOW HITPOINT WARNING * * *
You are more poisoned.
The orc wizard casts a spell at you. The puff of flame hits you!
You die...

#.###...#### ##.##.#
#).........# #.##.#
#..........# #....#
#..........# ###..####
#..........# #.....#
#..........# #.###.#
####.#..##### #..##.##
#...)......# ##.....#
#...)......# ########..#####
#..........#####..<....S......
#.......รท....@o..#############
#........<.####### #..........#
#..........# #..........#
#..........# #..........#
############


You could see an orc wizard.

Vanquished Creatures
  2 adders (D:2)
  2 giant geckos (D:1)
  An ooze (D:2)
  An orc (D:3)
  6 goblins
  5 hobgoblins
  10 jackals
  3 bats
  A giant cockroach (D:1)
  A giant newt (D:1)
  3 kobolds
  3 rats
38 creatures vanquished.

Notes
Turn   | Place    | Note
--------------------------------------------------------------
     0 | D:1      | MrRokkomies, the Ogre Skald, began the quest for the Orb.
     0 | D:1      | Reached XP level 1. HP: 22/22 MP: 3/3
    80 | D:1      | Reached skill level 3 in Maces & Flails
    84 | D:1      | Reached skill level 1 in Dodging
   105 | D:1      | Reached XP level 2. HP: 9/29 MP: 5/5
   908 | D:1      | Reached XP level 3. HP: 31/37 MP: 6/6
  1056 | D:2      | Learned a level 2 spell: Shroud of Golubria
  1060 | D:2      | Learned a level 3 spell: Spectral Weapon
  1229 | D:2      | Found a bloodstained altar of Trog.
  1296 | D:2      | Reached skill level 4 in Maces & Flails
  1615 | D:2      | Reached XP level 4. HP: 19/48 MP: 8/8
  2012 | D:2      | Killed from afar by an orc wizard

Action                   |  1- 3 |  4- 6 || total
-------------------------+-------+-------++-------
Melee: Mace              |   122 |    21 ||   143
Throw: Stone             |     5 |       ||     5
 Cast: Shroud of Golubri |       |     2 ||     2
  Use: Scroll            |     4 |       ||     4
       Potion            |     1 |     2 ||     3
  Eat: Fruit             |     2 |       ||     2
       Chunk             |     1 |       ||     1
